 Dungeon Crawl Stone Soup version 0.29-a0-451-gfbfa42419e (console) character file.

Game seed: 6904245254694222473

97 Faeu the Sneak (level 4, 0/30 HPs)
             Began as a Vampire Enchanter on May 19, 2022.
             Slain by a gnoll
             ... wielding a +0 flail
              (7 damage)
             ... on level 3 of the Dungeon.
             The game lasted 00:05:31 (1368 turns).

Faeu the Sneak (Vampire Enchanter)                  Turns: 1368, Time: 00:05:31

Health: 0/30       AC:  6    Str:  7    XL:     4   Next: 42%
Magic:  7/7        EV: 14    Int: 17    God:
Gold:   76         SH:  0    Dex: 22    Spells: 6/8 levels left

rFire   . . .      SeeInvis +   a - +1 dagger
rCold   . . .      Faith    .   (no shield)
rNeg    . . .      Spirit   .   b - +0 robe
rPois   .          Reflect  .   (no helmet)
rElec   .          Harm     .   (no cloak)
rCorr   .          Rampage  .   (no gloves)
Will    .....                   (no boots)
Stlth   +++.......              (no amulet)
HPRegen 0.30/turn               m - +6 ring of dexterity
MPRegen 0.10/turn               d - +4 ring of protection

@: healing quickly
A: alive, fangs 3, see invisible, vampiric 2
a: Exsanguinate


You were on level 3 of the Dungeon.
You visited 1 branch of the dungeon, and saw 3 of its levels.

You collected 76 gold pieces.

Inventory:

Hand Weapons
 a - a +1 dagger (weapon)
Armour
 b - a +0 robe (worn)
Jewellery
 d - a +4 ring of protection (right hand)
 h - a ring of willpower
 m - a +6 ring of dexterity (left hand)
 n - a ring of poison resistance
 o - a ring of willpower
Scrolls
 f - 3 scrolls of teleportation {unknown}
 i - a scroll of magic mapping {unknown}
 j - a scroll of immolation {unknown}
 k - a scroll of blinking {unknown}
 q - a scroll of noise {unknown}
 r - a scroll of identify {unknown}
Potions
 c - 2 potions of invisibility
 e - a potion of curing {unknown}
 g - 3 potions of heal wounds {unknown}
 l - a potion of magic {unknown}
 p - a potion of flight {unknown}


   Skills:
 - Level 2.2 Short Blades
 - Level 3.0 Dodging
 + Level 5.4 Stealth
 - Level 2.5 Spellcasting
 + Level 5.3 Hexes


You had 6 spell levels left.
You knew the following spells:

 Your Spells              Type           Power      Damage    Failure   Level
a - Ensorcelled Hibernat  Hex/Ice        22%        N/A       10%         2

Your spell library contained the following spells:

 Spells                   Type           Power      Damage    Failure   Level
 Confusing Touch          Hex            20%        N/A       6%          3
 Tukima's Dance           Hex            20%        N/A       6%          3
 Dazzling Flash           Conj/Hex       22%        N/A       19%         3


Dungeon Overview and Level Annotations

Branches:
Dungeon (3/15)

Altars:
Okawaru


Innate Abilities, Weirdness & Mutations

Your natural rate of healing is accelerated.
You have razor-sharp teeth.
You have supernaturally acute eyesight. (SInv)
You are afflicted with vampirism and can become a bat while bloodless.


Message History

The gnoll hits you from afar with a +0 spear.
You closely miss the gnoll.
The gnoll is moderately wounded.
The gnoll closely misses you. The gnoll hits you but does no damage.
You hit the gnoll.
The gnoll is heavily wounded.
The gnoll hits you with a +0 flail.
Keep bloodletting? [Y]es or [N]o only, please.
Keep bloodletting? [Y]es or [N]o only, please.
Keep bloodletting?
Uppercase [Y]es or [N]o only, please.
Keep bloodletting?
You stop emptying yourself of blood.
The gnoll barely misses you.
Okay, then.
Unknown command.
The gnoll closely misses you. The gnoll hits you with a +0 flail!
Keep bloodletting? [Y]es or [N]o only, please.
Keep bloodletting? [Y]es or [N]o only, please.
Keep bloodletting? [Y]es or [N]o only, please.
Keep bloodletting?
You stop emptying yourself of blood.
* * * LOW HITPOINT WARNING * * *
The gnoll attacks as you move away! The gnoll closely misses you.
The gnoll attacks as you move away! The gnoll misses you.
Found 6 silver javelins.
The gnoll attacks as you move away! The gnoll barely misses you.
The gnoll attacks as you move away! The gnoll hits you with a +0 flail.
* * * LOW HITPOINT WARNING * * *
Found a stone staircase leading down.
The gnoll attacks as you move away! The gnoll hits you but does no damage.
You see here 6 silver javelins.
The gnoll attacks as you move away! The gnoll completely misses you.
There is a stone staircase leading down here.
The gnoll hits you with a +0 flail!
You die...

..........#
#.##.(...)#
..........#
#.#######.#####.
########..# #.#
#........ #..#
#.# #..######
#..# #.#
#..######
##.###.#
#.......#
#g.##(#
#.#####.#
#.(##.# #.# #.#
##g##.# #.# #.#
#.g#.# #.# #.#
#.@#.######.###
#.#
##.#..........#
#.#
#.########.#.#
#.# ... #....#.#
#<# #.#.
#.##.#.# ###
#.#. #.##.#.#
..# # #.#..#.#
### #.####.#####
#......#....
#####..#.##.
#..#.##.


You could see 3 gnolls.

Vanquished Creatures
  A gnoll (D:3)
  4 adders (D:2)
  A worm (D:2)
  2 dart slugs (D:1)
  5 ball pythons
  2 endoplasms (D:1)
  2 giant cockroaches
  8 goblins
  4 hobgoblins
  4 kobolds
  3 quokkas (D:1)
  4 bats
  3 frilled lizards
  3 rats
46 creatures vanquished.

Notes
Turn   | Place    | Note
-------+----------+-------------------------------------------
     0 | D:1      | Faeu the Vampire Enchanter began the quest for the Orb.
     0 | D:1      | Reached XP level 1. HP: 13/13 MP: 3/3
   111 | D:1      | Reached XP level 2. HP: 19/19 MP: 5/5
   573 | D:1      | Gained mutation: You are afflicted with vampirism and can
                  | become a bat while bloodless. [Vampire growth]
   573 | D:1      | Reached XP level 3. HP: 24/24 MP: 6/6
   645 | D:2      | Reached skill level 5 in Stealth
   688 | D:2      | Reached skill level 5 in Hexes
   708 | D:2      | Found a faded altar of an unknown god.
   860 | D:2      | Reached XP level 4. HP: 30/30 MP: 7/7
  1021 | D:2      | Found an iron altar of Okawaru.
  1224 | D:3      | Learned a level 2 spell: Ensorcelled Hibernation
  1368 | D:3      | Slain by a gnoll

Illustrated notes

Levels and vault maps discovered:
D:1:      lemuel_arrival_funnel, layout_rooms, kennysheep_minor_cross
D:2:      layout_rooms, basic_ecumenical_altar, basic_altar, hex_tiny
D:3:      layout_basic

Skill      XL: |  1  2  3  4 |
---------------+-------------+-----
Stealth        | 5 |  5.4
Hexes          | 5 |  5.3
Short Blades   | 2 |  2.2
Dodging        | 3 |  3.0
Spellcasting   | |  2.5

Action                   |  1- 3 |  4- 6 || total
-------------------------+-------+-------++-------
Melee: Dagger            |   132 |    37 ||   169
       Bite              |    13 |     4 ||    17
       Punch             |     2 |       ||     2
 Abil: Exsanguinate      |       |     2 ||     2
 Stab: Sleeping          |     8 |     4 ||    12
Armor: Robe              |    22 |     9 ||    31
Dodge: Dodged            |    98 |    19 ||   117

Table legend: (Time is in decaauts)
 A = Elapsed time spent in this place.
 B = Non-inter-level travel time spent in this place.
 C = Inter-level travel time spent in this place.
 D = Time resting spent in this place.
 E = Time spent auto-exploring this place.
 F = Levels seen in this place.
 G = Mean time per level.
                   A        B        C        D        E       F      G
               +--------+--------+--------+--------+--------+-----+--------+
         Total |   1355 |   1319 |     36 |      0 |    900 |   3 |  451.7 |
       Dungeon |   1355 |   1319 |     36 |      0 |    900 |   3 |  451.7 |
               +--------+--------+--------+--------+--------+-----+--------+

Top non-repeatable levels by time:
     D:1: 641 daAuts
     D:2: 548 daAuts
     D:3: 164 daAuts
